 Dungeon Crawl Stone Soup version 0.29-a0-284-gf9362112df (webtiles) character file.

Game seed: 8077762437152510062

25 spaghetti the Poker (level 2, 0/25 HPs)
             Began as a Demigod Fighter on Mar 20, 2022.
             Slain by a gnoll
             ... wielding a +0 mace
              (6 damage)
             ... on level 2 of the Dungeon.
             The game lasted 00:01:02 (689 turns).

spaghetti the Poker (Demigod Fighter)                Turns: 689, Time: 00:01:02

Health: 0/25       AC:  6    Str: 17    XL:     2   Next: 63%
Magic:  4/4        EV:  8    Int: 10    God:
Gold:   20         SH:  4    Dex: 13    Spells: 1/1 levels left

rFire   . . .      SeeInvis .   f - +0 whip (freeze) {mace}
rCold   . . .      Faith    .   c - +0 buckler
rNeg    . . .      Spirit   .   b - +0 scale mail
rPois   .          Reflect  .   (no helmet)
rElec   .          Harm     .   (no cloak)
rCorr   .          Rampage  .   (no gloves)
Will    .....                   (no boots)
Stlth   ..........              (no amulet)
HPRegen 0.08/turn               (no ring)
MPRegen 0.09/turn               (no ring)

@: no status effects
A: high MP 1, forlorn, divine attributes
a: no special abilities


You were on level 2 of the Dungeon.
You visited 1 branch of the dungeon, and saw 2 of its levels.

You collected 20 gold pieces.


Innate Abilities, Weirdness & Mutations

You have an increased reservoir of magic. (+10% MP)
You shall have no god before yourself.
Your divine heritage dramatically boosts your attributes as you level up.


   Skills:
 - Level 2.6 Fighting
 + Level 3.1 Polearms
 - Level 2.6 Armour
 - Level 2.6 Shields


You had one spell level left.
You didn't know any spells.
Your spell library was empty.

Inventory:

Hand Weapons
 a - a +0 trident {polearm}
 f - a +0 whip of freezing (weapon) {mace}
   (You found it on level 1 of the Dungeon)
Missiles
 g - 66 stones (quivered) {throwing}
Armour
 b - a +0 scale mail (worn)
 c - a +0 buckler (worn)

Dungeon Overview and Level Annotations

Branches:
Dungeon (2/15)

Annotations:
D:2 1 runed translucent door, Crazy Yiuf

........######
### #.##.....#
#########
#^########
##### ###
#..)# #...#
#### ... ...#
#+# ...# ##.#
...# #@## .g.#
##g# ...###
#.## .....#
##.## ####g#
#...## #...#
#.#g.# #.###
#....# #g#
#....# #.#
#######.g.#


You could see a gnoll.


Message History

The adder bites you but does no damage. You block the adder's attack. 😮 HP[-1]
You take 1 damage, and now have 11/18 hp.
You miss the adder.
You feel sick. You block the adder's attack. 😮 HP[-1]
You take 1 damage, and now have 10/18 hp.
You barely miss the adder.
You feel sick. The adder bites you but does no damage.
The adder closely misses you.
You barely miss the adder.
You feel sick.
You are no longer poisoned.
The adder bites you but does no damage. 😨 HP[-1]
You take 1 damage, and now have 9/18 hp.
You hit the adder.
The adder seems to slow down.
You freeze the adder.
You kill the adder!
You have reached level 2! 😨 HP[+3] MP[+1]
You now have 25 max hp (+7).
You regained 3 hp, and now have 12/25 hp.
Your mp is fully restored (4).
You start resting. 😎 HP[+13]
Your hp is fully restored (25).
You see here an adder corpse.
g - 50 stones {throwing} (gained 1) Key pressed, stopping explore.
Crazy Yiuf shouts!
Crazy Yiuf grits, "Lugonu stair alas!"
Crazy Yiuf screams, "Defame!
Proton spinner fast."
You open the door.
Key pressed, stopping explore.
There is an open door here.
g - 66 stones {throwing} (gained 16)
Found an escape hatch in the ceiling.
Found a stone staircase leading up.
There is an open door here.
You see here an adder skeleton.
A gnoll comes into view. It is wielding a +0 mace.
Found a stone staircase leading up.
The gnoll throws a throwing net.
The throwing net hits you.
You become entangled in the net!
You see here a throwing net {=f!fthrowing}.
Unknown command.
Unknown command.
You struggle against the net.
A gnoll comes into view. It is wielding a +0 halberd.
You struggle against the net.
The gnoll hits you with a +0 mace! 😮 HP[-8]
You take 8 damage, and now have 17/25 hp.
MASSIVE DAMAGE!! (PAUSE) Unknown command.
You struggle against the net.
The gnoll hits you with a +0 mace.
The gnoll hits you from afar with a +0 halberd!
* * * LOW HITPOINT WARNING * * *
😨 HP[-10]
You take 10 damage, and now have 7/25 hp.
MASSIVE DAMAGE!! (PAUSE)
You shred the net and break free! The gnoll completely misses you. x2
Okay, then.
Okay, then. 😨 HP[+1]
The gnoll attacks as you move away! The gnoll hits you with a +0 mace.
* * * LOW HITPOINT WARNING * * *
😱 HP[-2]
You take 2 damage, and now have 6/25 hp.
The gnoll attacks as you move away! The gnoll hits you with a +0 mace.
* * * LOW HITPOINT WARNING * * *
😱 HP[-2]
You take 2 damage, and now have 4/25 hp.
The gnoll attacks as you move away!
The gnoll hits you but does no damage. 😱 HP[+1]
You feel very mighty all of a sudden. The gnoll hits you but does no damage.
You hit the gnoll. You freeze the gnoll. The gnoll hits you but does no damage.
You see here an adder skeleton. 😱 HP[+1] 😨 HP[+1] Crazy Yiuf shouts!
You aren't carrying any items that you can evoke.
You aren't carrying any potions.
As you read the scroll labelled TAPTIEL KOEDU, it crumbles to dust.
It is a scroll of identify.
You don't have any unidentified items.
Crazy Yiuf laughs, "Powder song cloud!"
The gnoll barely misses you.
You whack the gnoll! You freeze the gnoll.
You feel a little less mighty now. The gnoll hits you with a +0 halberd.
* * * LOW HITPOINT WARNING * * *
The gnoll hits you but does no damage. 😱 HP[-2]
You take 2 damage, and now have 5/25 hp.
You whack the gnoll! You freeze the gnoll.
You kill the gnoll!
Your Polearms skill increases to level 3! 😱 HP[+1]
You hit the gnoll. You freeze the gnoll. You block the gnoll's attack.
You hit the gnoll. You freeze the gnoll. The gnoll hits you with a +0 mace.
You die...

Skill      XL: |  1  2 |
---------------+-------+-----
Polearms       | 2 3 |  3.1
Fighting       | |  2.6
Armour         | |  2.6
Shields        | |  2.6

Action                   || total
-------------------------++-------
Melee: Whip              ||    36
Throw: Stone             ||    12
  Use: Scroll            ||     1
       Potion            ||     1
Armor: Scale mail        ||    22
Dodge: Dodged            ||    15
Block: Buckler           ||    10

Levels and vault maps discovered:
D:1:      dpeg_arrival_snail, layout_loops_corners
D:2:      layout_basic, uniq_crazy_yiuf_cottage, uniq_sigmund

Notes
Turn   | Place    | Note
-------+----------+-------------------------------------------
     0 | D:1      | spaghetti the Demigod Fighter began the quest for the Orb.
     0 | D:1      | Reached XP level 1. HP: 18/18 MP: 3/3
     0 | D:1      | magus.rc [v1.9.6]
   214 | D:2      | Reached skill level 2 in Polearms
   347 | D:2      | Reached XP level 2. HP: 12/25 MP: 4/4
   526 | D:2      | Found a runed translucent door.
   527 | D:2      | Noticed Crazy Yiuf
   640 | D:2      | HP: 6/25 [gnoll/+0 mace (2)]
   645 | D:2      | HP: 4/25 [gnoll/+0 mace (2)]
   686 | D:2      | HP: 5/25 [gnoll/+0 halberd (2)]
   688 | D:2      | Reached skill level 3 in Polearms
   689 | D:2      | Slain by a gnoll

Vanquished Creatures
  A gnoll (D:2)
  An adder (D:2)
  A bat (D:2)
  2 endoplasms (D:2)
  A goblin (D:2)
  A rat (D:2)
7 creatures vanquished.

Table legend:
 A = Non-vault XP
 B = Vault XP
 C = Vault XP percentage of total XP
 D = Non-vault monster count
 E = Vault monster count
 F = Vault count percentage of total count
                 A         B        C        D         E       F
            +---------+---------+-------+---------+---------+-------
      Total |      36 |       0 |   0.0 |       7 |       0 |   0.0
            +---------+---------+-------+---------+---------+-------
        D:2 |      36 |       0 |   0.0 |       7 |       0 |   0.0
            +---------+---------+-------+---------+---------+-------

Illustrated notes

Table legend:
 A = Kills in this place as a percentage of kills in entire the game.
 B = Kills by you in this place as a percentage of kills by you in the entire game.
 C = Kills by friends in this place as a percentage of kills by friends in the entire game.
 D = Other kills in this place as a percentage of other kills in the entire game.
 E = Experience gained in this place as a percentage of experience gained in the entire game.
 F = Experience gained in this place divided by the number of levels of this place that you have seen.
                   A       B       C       D       E      F
               +-------+-------+-------+-------+-------+----------------------
         Total | 100.0 | 100.0 |   N/A |   N/A | 100.0 |  18.0
       Dungeon | 100.0 | 100.0 |   N/A |   N/A | 100.0 |  18.0
               +-------+-------+-------+-------+-------+----------------------

Table legend: (Time is in decaauts)
 A = Elapsed time spent in this place.
 B = Non-inter-level travel time spent in this place.
 C = Inter-level travel time spent in this place.
 D = Time resting spent in this place.
 E = Time spent auto-exploring this place.
 F = Levels seen in this place.
 G = Mean time per level.
                   A        B        C        D        E       F      G
               +--------+--------+--------+--------+--------+-----+--------+
         Total |    695 |    695 |      0 |    233 |    327 |   2 |  347.5 |
       Dungeon |    695 |    695 |      0 |    233 |    327 |   2 |  347.5 |
               +--------+--------+--------+--------+--------+-----+--------+

Top non-repeatable levels by time:
     D:2: 612 daAuts
     D:1: 83 daAuts
